AoeStats
← 从不压堡之人

Fortress

509877614Analyzed
4v4 RM · 4d ago on Sep 28, 2026· 44m 52s· 8 players
Game mode
Random Map
Map size
Huge
Population
200
Speed
Normal
Resources
Standard
Victory
Conquest
Starting age
Dark Age
Ending age
Imperial Age
RankedLock teamsTeams togetherTeam positionsShared explorationLock speedFull tech treeHidden civsTurbo modeCheats
Victory
Defeat
🇦🇷 Britons · Argentina
1120
+16
🇨🇳 Franks · China
1089
+17
1080
+18
🇯🇴 Mongols · Jordan
1073
+18
🇨🇳 Tatars · China
1246
-23
1145
-18
🇨🇳 Jurchens · China
1063
-15
🇨🇳 Spanish · China
1023
-13
Yisus Patitas Suaves
7:15 Feudal Age
8:36 Wheelbarrow
7:48 Double-Bit Axe
7:51 Horse Collar
9:25 Loom
12:50 Castle Age
13:46 Heavy Plow
15:52 Bow Saw
21:25 Hand Cart
20:55 Town Watch
21:14 Scale Mail Armor
22:07 Fervor
22:33 Town Patrol
26:31 Imperial Age
25:55 Squires
25:17 Pikeman
26:12 Forging
26:52 Chain Mail Armor
27:40 Iron Casting
27:09 Padded Archer Armor
27:00 Fletching
27:41 Conscription
27:28 Hussite Reforms
27:05 Halberdier
27:44 Bodkin Arrow
28:28 Squires
28:14 Arson
29:32 Blast Furnace
29:14 Coinage
28:47 Caravan
28:50 Bracer
28:25 Elite Skirmisher
29:29 Leather Archer Armor
29:45 Plate Mail Armor
31:25 Two-Man Saw
31:51 Ring Archer Armor
32:27 Chemistry
32:53 Block Printing
33:33 Sanctity
37:29 Wagenburg Tactics
38:40 Houfnice
38:48 Houfnice
40:12 Illumination
king vitt
0:29 Loom
10:50 Feudal Age
12:06 Wheelbarrow
11:19 Double-Bit Axe
14:46 Castle Age
15:57 Hand Cart
15:55 Bow Saw
16:12 Gold Mining
22:17 Gold Shaft Mining
24:00 Caravan
28:57 Imperial Age
27:23 Town Watch
28:29 Scale Barding Armor
28:35 Forging
28:33 Husbandry
29:04 Town Patrol
30:19 Conscription
30:01 Chivalry
30:17 Fortified Wall
31:36 Chain Barding Armor
31:52 Iron Casting
30:40 Cavalier
31:38 Paladin
32:57 Plate Barding Armor
33:30 Murder Holes
33:46 Masonry
34:49 Blast Furnace
Prince Of The Darkness
7:16 Feudal Age
9:18 Double-Bit Axe
11:40 Castle Age
9:30 Horse Collar
11:32 Loom
14:09 Bow Saw
15:30 Wheelbarrow
15:10 Heavy Plow
19:54 Hand Cart
21:47 Gold Mining
21:47 Stone Mining
23:17 Gold Shaft Mining
26:39 Imperial Age
24:40 Scale Barding Armor
24:25 Fletching
24:48 Forging
25:06 Padded Archer Armor
25:29 Ballistics
25:19 Masonry
25:05 Murder Holes
25:02 Elite Skirmisher
25:40 Bodkin Arrow
25:53 Husbandry
26:04 Bloodlines
26:45 Thumb Ring
27:46 Conscription
29:03 Chemistry
27:29 Heavy Cavalry Archer
28:34 Parthian Tactics
28:37 Leather Archer Armor
28:23 Bracer
28:32 Bracer
28:46 Fortified Wall
29:21 Nomads
29:54 Scale Barding Armor
30:29 Heavy Camel Rider
30:52 Elite Mangudai
31:54 Chain Barding Armor
32:38 Iron Casting
32:49 Stone Shaft Mining
36:14 Light Cavalry
39:50 Hoardings
43:37 Siege Engineers
KZA
7:57 Feudal Age
6:16 Loom
6:30 Loom
11:58 Castle Age
10:02 Double-Bit Axe
14:14 Bow Saw
23:20 Horse Collar
26:25 Imperial Age
23:40 Horse Collar
25:18 Padded Archer Armor
25:08 Fletching
26:21 Leather Archer Armor
26:54 Wheelbarrow
27:00 Wheelbarrow
27:17 Heavy Plow
28:38 Chemistry
27:22 Elite Longbowman
28:00 Bodkin Arrow
31:21 Ballistics
31:49 Conscription
34:58 Cranequins
35:01 Crossbowman
36:49 Ring Archer Armor
36:19 Bracer
36:25 Arbalester
38:12 Caravan
叫声乌鸦哥
7:02 Feudal Age
10:44 Castle Age
9:16 Double-Bit Axe
9:26 Horse Collar
11:47 Heavy Plow
15:19 Bow Saw
17:24 Wheelbarrow
17:17 Gold Mining
17:32 Loom
17:32 Town Watch
20:44 Gold Shaft Mining
23:05 Imperial Age
20:46 Fletching
21:45 Hand Cart
21:47 Husbandry
21:56 Stone Mining
22:43 Scale Barding Armor
22:55 Bloodlines
23:45 Chain Barding Armor
24:19 Conscription
25:01 Plate Barding Armor
24:22 Elite Keshik
25:49 Forging
27:12 Iron Casting
29:02 Blast Furnace
28:09 Caravan
30:37 Bodkin Arrow
31:41 Timurid Siegecraft
30:54 Capped Ram
33:03 Chemistry
32:25 Siege Ram
34:16 Bracer
35:18 Ballistics
36:24 Masonry
37:02 Guilds
38:23 Treadmill Crane
我不是蓝精灵
7:55 Feudal Age
11:54 Castle Age
9:48 Double-Bit Axe
11:22 Wheelbarrow
10:38 Horse Collar
12:57 Bow Saw
12:50 Heavy Plow
14:38 Loom
20:09 Hand Cart
21:45 Stone Mining
23:26 Town Watch
27:40 Imperial Age
25:19 Gold Mining
26:05 Stone Shaft Mining
26:00 Town Patrol
25:54 Treadmill Crane
27:11 Gold Shaft Mining
26:40 Fortified Bastions
26:56 Forging
26:52 Scale Barding Armor
27:07 Caravan
28:09 Fortified Wall
28:12 Masonry
27:59 Elite Iron Pagoda
29:35 Iron Casting
29:29 Chain Barding Armor
29:48 Conscription
30:05 Guilds
30:44 Thunderclap Bombs
31:35 Plate Barding Armor
32:04 Blast Furnace
32:28 Hoardings
33:02 Sappers
33:54 Fletching
34:07 Padded Archer Armor
35:12 Chemistry
34:18 Siege Engineers
34:47 Ballistics
35:56 Two-Man Saw
35:34 Crop Rotation
36:07 Bodkin Arrow
36:27 Leather Archer Armor
36:13 Scale Mail Armor
36:45 Architecture
36:11 Murder Holes
36:03 Arrowslits
38:10 Coinage
37:56 Bracer
38:27 Ring Archer Armor
38:13 Chain Mail Armor
37:20 Pikeman
37:47 Arson
38:04 Squires
38:02 Heavy Cavalry Archer
38:03 Elite Skirmisher
38:04 Crossbowman
41:09 Banking
42:01 Guard Tower
41:38 Heavy Rocket Cart
41:39 Heavy Scorpion
41:39 Capped Ram
43:52 Keep
42:40 Elite Fire Lancer
42:41 Halberdier
42:42 Man-at-Arms
43:08 Gambesons
从不压堡之人
6:47 Feudal Age
10:38 Castle Age
8:39 Double-Bit Axe
9:04 Horse Collar
11:00 Wheelbarrow
11:56 Bow Saw
18:54 Hand Cart
19:33 Loom
21:33 Gold Mining
21:33 Stone Mining
21:48 Heavy Plow
22:16 Town Watch
27:17 Imperial Age
25:05 Caravan
25:58 Sanctity
25:41 Inquisition
25:43 Husbandry
25:35 Fletching
25:50 Scale Barding Armor
26:40 Fervor
26:50 Sanctity
26:50 Bloodlines
26:37 Bodkin Arrow
27:02 Chain Barding Armor
28:14 Block Printing
28:34 Theocracy
28:24 Illumination
28:12 Guilds
28:41 Bracer
29:16 Plate Barding Armor
29:47 Ballistics
29:14 Arrowslits
29:19 Guard Tower
30:32 Stone Shaft Mining
31:17 Chemistry
30:40 Town Patrol
32:25 Two-Man Saw
31:53 Redemption
31:45 Padded Archer Armor
32:24 Conscription
32:44 Keep
32:20 Masonry
32:10 Murder Holes
33:02 Leather Archer Armor
34:30 Capped Ram
35:27 Elite Conquistador
36:27 Supremacy
36:41 Ring Archer Armor
36:12 Scale Mail Armor
37:44 Siege Ram
41:28 Bombard Tower
41:38 Architecture
42:58 Hoardings
41:53 Sappers
45:18 Thumb Ring
44:34 Heavy Mounted Crossbowman
44:34 Elite Skirmisher
我独自送头 Solo Feeding
7:16 Feudal Age
10:54 Castle Age
8:54 Horse Collar
9:13 Double-Bit Axe
12:45 Bow Saw
18:26 Wheelbarrow
18:10 Loom
24:22 Imperial Age
22:27 Heavy Plow
22:20 Gold Mining
23:17 Stone Mining
23:30 Caravan
24:31 Hand Cart
24:02 Town Watch
24:27 Fletching
24:37 Padded Archer Armor
25:20 Bodkin Arrow
26:28 Two-Man Saw
25:49 Conscription
26:27 Leather Archer Armor
27:15 Chemistry
27:09 Fortified Wall
27:25 Bracer
27:55 Ring Archer Armor
27:47 Ballistics
27:39 Fortified Wall
27:36 Husbandry
29:30 Ring Archer Armor
29:15 Thumb Ring
28:56 Elite Elephant Archer
30:51 Medical Corps
31:26 Masonry
33:52 Guard Tower
34:39 Devotion
35:26 Keep
34:48 Murder Holes
35:16 Guilds
37:02 Faith
37:44 Scale Barding Armor
37:49 Forging
37:42 Scale Mail Armor
38:06 Wootz Steel
38:22 Arrowslits
Connection lost

Rejoining the realm…

Still unreachable

The connection could not be restored.

Session expired

The server has moved on; the page needs a fresh start.